 Dungeon Crawl Stone Soup version 0.31-a0-441-g867994ef1c (webtiles) character file.

Game seed: 17643289100165390761

44 HallandMoats the Trooper (level 3, -1/29 HPs)
             Began as a Demonspawn Fighter on Aug 3, 2023.
             Slain by a ball python (3 damage)
             ... on level 2 of the Dungeon.
             The game lasted 00:02:14 (1511 turns).

HallandMoats the Trooper (Demonspawn Fighter)       Turns: 1511, Time: 00:02:15

Health: -1/29      AC:  6    Str: 16    XL:     3   Next: 41%
Magic:  5/5        EV:  5    Int: 11    God:
Gold:   74         SH:  4    Dex: 12    Spells: 2/2 levels left

rFire   + . .        a - +0 war axe
rCold   + . .        c - +0 buckler
rNeg    . . .        b - +0 scale mail
rPois   .            (no helmet)
rElec   .            o - scarf {rC+ rF+}
rCorr   .            (no gloves)
SInv    .            (no boots)
Will    .....        (no amulet) Stlth
                     (no ring)
HPRegen 0.24/turn    (no ring)
MPRegen 0.09/turn

%: no passive effects
@: lethally poisoned (-1 -> -2), constricted
A: demonic guardian 1
a: no special abilities


You were on level 2 of the Dungeon.
You visited 1 branch of the dungeon, and saw 2 of its levels.

You collected 74 gold pieces.

Inventory:

Hand Weapons
 a - a +0 war axe (weapon)
Armour
 b - a +0 scale mail (worn)
 c - a +0 buckler (worn)
 o - a scarf of resistance (worn)
Scrolls
 e - a scroll of poison {unknown}
 f - a scroll of identify {unknown}
 g - a scroll of revelation {unknown}
 j - a scroll of enchant armour {unknown}
 l - a scroll of teleportation {unknown}
Potions
 d - 2 potions of might
 h - a potion of haste {unknown}
 i - a potion of heal wounds {unknown}
 k - 2 potions of magic {unknown}
 m - a potion of curing {unknown}
 n - a potion of enlightenment {unknown}


   Skills:
 + Level 3.3 Fighting
 + Level 2.3 Axes
 - Level 2.6 Armour
 - Level 2.6 Shields
 * Level 2.9 Invocations


You had 2 spell levels left.
You didn't know any spells.
Your spell library was empty.

Dungeon Overview and Level Annotations

Branches:
Dungeon (2/15)

Altars:

Shops:
D:1 ?(


Innate Abilities, Weirdness & Mutations

A weak demonic guardian rushes to your aid.


Message History

The ball python constricts you. You block the adder's attack.
The hobgoblin hits you.
The ball python bites you but does no damage.
The ball python constricts you. The adder bites you but does no damage.
The hobgoblin hits you but does no damage.
The adder bites you but does no damage.
The ball python bites you but does no damage.
The ball python constricts you. You block the hobgoblin's attack.
The adder bites you but does no damage. The ball python bites you.
The ball python constricts you. The adder bites you but does no damage.
The hobgoblin hits you.
The ball python bites you but does no damage.
The ball python constricts you. The adder bites you but does no damage.
The ball python barely misses you. The ball python constricts you.
The hobgoblin hits you. The adder bites you but does no damage.
The ball python bites you. The ball python constricts you.
The hobgoblin hits you. The adder bites you but does no damage.
The ball python bites you but does no damage.
The ball python constricts you. The adder bites you.
* * * LOW HITPOINT WARNING * * *
You are poisoned.
The adder poisons you! You block the hobgoblin's attack.
You block the ball python's attack. The ball python constricts you.
* * * LOW HITPOINT WARNING * * *
The adder bites you.
* * * LOW HITPOINT WARNING * * *
You feel sick. You block the hobgoblin's attack.
The ball python bites you but does no damage.
The ball python constricts you. The adder bites you but does no damage.
You feel sick. The hobgoblin barely misses you.
The ball python barely misses you. The ball python constricts you.
The adder bites you but does no damage.
You feel sick.
The ball python bites you but does no damage.
The ball python constricts you. The adder closely misses you.
The hobgoblin hits you.
* * * LOW HITPOINT WARNING * * *
A demonic guardian appears!
The ball python bites you.
You die...

# #........## #
#........##. #
####..#..#..##.#### #
#..'........'.....######
.'........'...........
#..#..#..##..#.#.####
#..$S....#...#.#.# #
#...@†...##.##.#.####
####gS#####<##)#.....
###.5...#.##.#...#####
................#......
####.....#...##...#####
#.............##
###############


You could see an adder, a hobgoblin (ally target), a ball python and a friendly
white imp (summoned).

Vanquished Creatures
  An adder (D:2)
  2 ball pythons
  3 bats (D:1)
  4 endoplasms
  2 giant cockroaches
  A goblin (D:1)
  2 hobgoblins (D:1)
  2 kobolds (D:2)
  A quokka (D:1)
  A frilled lizard (D:1)
  4 rats
23 creatures vanquished.

Vanquished Creatures (collateral kills)
  A dart slug (D:1)
  A bat (D:1)
  A giant cockroach (D:1)
  A goblin (D:1)
  A quokka (D:1)
  2 frilled lizards (D:1)
  A kobold (D:1)
  A rat (D:1)
9 creatures vanquished.

Grand Total: 32 creatures vanquished

Notes
Turn   | Place    | Note
-------+----------+-------------------------------------------
     0 | D:1      | HallandMoats the Demonspawn Fighter began the quest for the
                  | Orb.
     0 | D:1      | Reached XP level 1. HP: 18/18 MP: 1/1
    38 | D:1      | Found Yzuuzafi's Weapon Emporium.
   122 | D:1      | Reached skill level 1 in Invocations
   193 | D:1      | Found Vumax's Magic Scroll Shoppe.
   286 | D:1      | Gained mutation: A weak demonic guardian rushes to your
                  | aid. [demonic ancestry]
   286 | D:1      | Reached XP level 2. HP: 24/24 MP: 3/3
   364 | D:1      | HP: 1/24 [kobold/+0 club (1)]
   984 | D:1      | Found Ikimem's Antique Weapon Shop.
  1278 | D:2      | Reached XP level 3. HP: 7/29 MP: 4/4
  1511 | D:2      | Slain by a ball python

Illustrated notes

Levels and vault maps discovered:
D:1:      psy_arrival_radial02, layout_basic, serial_shops,
          nicolae_shop_hallway_plus, shop, nicolae_shop_statue_plus
D:2:      layout_loops_ring, kennysheep_generic_room_6

Skill      XL: |  1  2 |
---------------+-------+-----
Invocations    | 1 2 |  2.9
Axes           | 2 |  2.3
Fighting       | |  3.3
Armour         | |  2.6
Shields        | |  2.6

Action                     || total
---------------------------++-------
  Melee: War axe           ||    63
 Armour: Scale mail        ||   218
  Dodge: Dodged            ||   189
  Block: Buckler           ||    83

Table legend: (Time is in decaauts)
 A = Elapsed time spent in this place.
 B = Non-inter-level travel time spent in this place.
 C = Inter-level travel time spent in this place.
 D = Time resting spent in this place.
 E = Time spent auto-exploring this place.
 F = Levels seen in this place.
 G = Mean time per level.
                   A        B        C        D        E       F      G
               +--------+--------+--------+--------+--------+-----+--------+
         Total |   1545 |   1533 |     12 |     25 |    901 |   2 |  772.5 |
       Dungeon |   1545 |   1533 |     12 |     25 |    901 |   2 |  772.5 |
               +--------+--------+--------+--------+--------+-----+--------+

Top non-repeatable levels by time:
     D:1: 1297 daAuts
     D:2: 247 daAuts
